 Dungeon Crawl Stone Soup version 0.26.1-11-gd32895ea62 (webtiles) character file.

Game seed: 16092840798220863483

1950 jlumianski the Magician (level 9, -3/69 HPs)
             Began as a Gnoll Warper on June 20, 2021.
             Was a Believer of Okawaru.
             Slain by a manticore (18 damage)
             ... on level 7 of the Dungeon on June 22, 2021.
             The game lasted 00:39:09 (7726 turns).

jlumianski the Magician (Gnoll Warper)              Turns: 7726, Time: 00:39:10

Health: -3/69      AC: 18    Str: 14    XL:     9   Next: 18%
Magic:  18/18      EV: 14    Int: 18    God:    Okawaru [**....]
Gold:   311        SH:  0    Dex: 15    Spells: 14/21 levels left

rFire    . . .     SeeInvis .   k - +2 hand axe (flame)
rCold    . . .     Faith    .   (no shield)
rNeg     . . .     Spirit   .   r - +0 ring mail
rPois    .         Reflect  .   p - +2 helmet
rElec    .         Harm     .   F - +2 cloak
rCorr    .         Rampage  .   z - +2 pair of gloves
Will     +....                  C - +2 pair of boots
Stlth    ++........             (no amulet)
HPRegen  0.21/turn              D - ring of willpower
MPRegen  0.16/turn              (no ring)

@: attractive
A: distributed training, fangs 1, strong nose
a: Renounce Religion, Heroism


You were on level 7 of the Dungeon.
You worshipped Okawaru.
Okawaru was pleased with you.
You visited 2 branches of the dungeon, and saw 8 of its levels.

You collected 311 gold pieces.

Inventory:

Hand Weapons
 a - a +0 hand axe
 k - a +2 hand axe of flaming (weapon)
 w - a +0 arbalest
 G - a +4 quarterstaff of chaos
Missiles
 c - 211 stones
 e - 5 boomerangs of dispersal
 j - 52 sling bullets
 x - 2 poisoned darts (quivered)
 B - 55 bolts
Armour
 b - a +0 leather armour
 p - a +2 helmet (worn)
 r - a +0 ring mail (worn)
 s - the +1 robe "Pizxu" {Rampage}
   (You found it on level 4 of the Dungeon)

   It bestows one free step when moving towards enemies.
 y - a +0 cloak
 z - a +2 pair of gloves (worn)
 C - a +2 pair of boots (worn)
 F - a +2 cloak (worn)
Jewellery
 v - a +6 ring of intelligence {unknown}
 D - a ring of willpower (left hand)
 H - a cursed ring of attention
Wands
 u - a wand of flame (10)
Scrolls
 d - a scroll of blinking
 g - 2 scrolls of enchant armour
 h - 4 scrolls of teleportation
 l - a scroll of enchant weapon
 n - 3 scrolls of remove curse
 o - 9 scrolls of identify
Potions
 f - a potion of flight {unknown}
 i - a potion of curing
 m - a potion of lignification {unknown}
 q - a potion of attraction
 t - a potion of degeneration {unknown}


   Skills:
 + Level 6.1 Fighting
 + Level 4.0 Short Blades
 + Level 4.0 Long Blades
 + Level 6.1 Axes
 + Level 4.0 Maces & Flails
 + Level 4.0 Polearms
 + Level 4.0 Staves
 + Level 4.0 Slings
 + Level 4.0 Bows
 + Level 4.0 Crossbows
 + Level 4.8 Throwing
 + Level 4.8 Armour
 + Level 6.1 Dodging
 + Level 4.0 Stealth
 + Level 4.0 Shields
 + Level 4.0 Unarmed Combat
 + Level 6.5 Spellcasting
 + Level 3.3 Conjurations
 + Level 3.3 Hexes
 + Level 3.3 Summonings
 + Level 3.3 Necromancy
 + Level 6.4 Translocations
 + Level 3.3 Transmutations
 + Level 3.3 Fire Magic
 + Level 3.3 Ice Magic
 + Level 3.3 Air Magic
 + Level 3.3 Earth Magic
 + Level 3.3 Poison Magic
 + Level 4.4 Invocations
 + Level 4.0 Evocations


You had 14 spell levels left.
You knew the following spells:

 Your Spells              Type           Power        Failure   Level
a - Blink                 Tloc           N/A          2%          2
b - Gell's Gravitas       Tloc           14%          4%          3
c - Wereblood             Tmut           17%          9%          2

Your spell library contained the following spells:

 Spells                   Type           Power        Failure   Level
 Apportation              Tloc           58%          1%          1
 Lesser Beckoning         Tloc           14%          4%          3
 Teleport Other           Tloc           29%          4%          3
 Animate Skeleton         Necr           34%          5%          1
 Beastly Appendage        Tmut           34%          5%          1
 Corona                   Hex            18%          5%          1
 Summon Small Mammal      Summ           68%          5%          1
 Passage of Golubria      Tloc           N/A          16%         4
 Spider Form              Tmut/Pois      8%           17%         3
 Ice Form                 Ice/Tmut       17%          50%         4
 Blade Hands              Tmut           8%           83%         5


Dungeon Overview and Level Annotations

Branches:
Dungeon (7/15)             Temple (1/1) D:4

Altars:
Ashenzari
Gozag
Hepliaklqana
Okawaru
Vehumet
Zin
The Shining One


Innate Abilities, Weirdness & Mutations

Your experience applies equally to all skills.
You have very sharp teeth.
Your uncanny sense of smell can sniff out nearby items.


Message History

The manticore barely misses you.
You hit the manticore. You burn the manticore.
The manticore is moderately wounded.
The manticore bites you! The manticore claws you!
The manticore claws you but does no damage.
The white imp shouts, "Bolt, thou pox-marked doghearted socdollager!"
You slash the manticore! You burn the manticore.
The manticore is heavily wounded.
The manticore bites you!
* * * LOW HITPOINT WARNING * * *
The manticore completely misses you. The manticore claws you.
* * * LOW HITPOINT WARNING * * *
It was a potion of curing.
You feel better.
The manticore bites you but does no damage.
The manticore claws you but does no damage.
The manticore misses you.
It was a potion of attraction.
You feel attractive to monsters. The manticore bites you!!
You die...

.# #########+#.###
#.............# ∆
#.............#
#.............###
#......†......... ∆
#......##.#######
#.####.##.......# #.##
#.##.#####@#
##.<###.##.......H.....$
..>.....................
##..#.#..........#5....#
...#............#.###.#
.......>............ .
.#########.###.### .# .
#.. ... .# .


You could see a manticore and a white imp.

Vanquished Creatures
  An orc warrior (D:4)
  2 ice beasts
  2 sky beasts (D:6)
  3 ogres
  3 phantoms
  A centaur (D:6)
  A bullfrog (D:6)
  2 scorpions (D:5)
  A jelly (D:6)
  Crazy Yiuf (D:5)
  5 orc priests
  2 hounds
  8 orc wizards
  A bullfrog skeleton (D:6)
  Ijyb (D:3)
  2 worker ants
  3 adders
  An ufetubus (D:6)
  2 oozes
  An adder skeleton (D:6)
  3 dart slugs
  5 leopard geckos
  26 orcs
  5 bats
  5 giant cockroaches
  6 goblins
  9 hobgoblins
  2 jackals (D:2)
  2 quokkas
  2 ball pythons
  11 frilled lizards
  A jackal skeleton (D:6)
  4 kobolds (D:1)
  7 rats
131 creatures vanquished.

Notes
Turn   | Place    | Note
-------+----------+-------------------------------------------
     0 | D:1      | jlumianski the Gnoll Warper began the quest for the Orb.
     0 | D:1      | Reached XP level 1. HP: 20/20 MP: 6/6
    85 | D:1      | Reached XP level 2. HP: 26/26 MP: 7/7
    88 | D:1      | Learned a level 2 spell: Blink
   265 | D:1      | Reached XP level 3. HP: 22/31 MP: 9/9
   269 | D:1      | Learned a level 3 spell: Gell's Gravitas
   407 | D:1      | Reached skill level 5 in Spellcasting
  1036 | D:2      | Reached skill level 1 in Invocations
  1172 | D:2      | Found a glowing silver altar of Zin.
  1301 | D:2      | Reached skill level 1 in Short Blades
  1301 | D:2      | Reached skill level 1 in Long Blades
  1301 | D:2      | Reached skill level 1 in Maces & Flails
  1301 | D:2      | Reached skill level 1 in Polearms
  1301 | D:2      | Reached skill level 1 in Staves
  1301 | D:2      | Reached skill level 1 in Slings
  1301 | D:2      | Reached skill level 1 in Bows
  1301 | D:2      | Reached skill level 1 in Crossbows
  1301 | D:2      | Reached skill level 1 in Stealth
  1301 | D:2      | Reached skill level 1 in Shields
  1301 | D:2      | Reached skill level 1 in Unarmed Combat
  1301 | D:2      | Reached skill level 1 in Evocations
  1301 | D:2      | Reached XP level 4. HP: 38/38 MP: 7/11
  1482 | D:2      | Noticed an ogre
  1499 | D:2      | Killed an ogre
  1500 | D:2      | Reached skill level 1 in Conjurations
  1500 | D:2      | Reached skill level 1 in Hexes
  1500 | D:2      | Reached skill level 1 in Summonings
  1500 | D:2      | Reached skill level 1 in Necromancy
  1500 | D:2      | Reached skill level 1 in Transmutations
  1500 | D:2      | Reached skill level 1 in Fire Magic
  1500 | D:2      | Reached skill level 1 in Ice Magic
  1500 | D:2      | Reached skill level 1 in Air Magic
  1500 | D:2      | Reached skill level 1 in Earth Magic
  1500 | D:2      | Reached skill level 1 in Poison Magic
  1500 | D:2      | Reached XP level 5. HP: 17/43 MP: 8/12
  2661 | D:3      | You fall into a shaft and drop 2 floors!
  2661 | D:5      | Entered Level 5 of the Dungeon
  2662 | D:5      | Noticed an ice beast
  2902 | D:4      | Reached XP level 6. HP: 49/50 MP: 13/13
  2940 | D:4      | Got a fine robe
  2948 | D:4      | Noticed a phantom
  2989 | D:4      | Killed a phantom
  2990 | D:4      | Reached skill level 5 in Fighting
  2990 | D:4      | Reached skill level 5 in Axes
  2990 | D:4      | Reached skill level 5 in Dodging
  3156 | D:4      | Noticed an orc warrior
  3182 | D:4      | Killed an orc warrior
  3183 | D:4      | Reached XP level 7. HP: 15/56 MP: 2/15
  3227 | D:3      | Noticed Ijyb
  3524 | D:2      | Identified the +1 robe "Pizxu" {Rampage} (You found it on
                  | level 4 of the Dungeon)
  3558 | D:3      | Killed Ijyb
  3886 | D:4      | Found an opulent altar of Gozag.
  5007 | D:4      | Found a staircase to the Ecumenical Temple.
  5023 | Temple   | Entered the Ecumenical Temple
  5042 | Temple   | Became a worshipper of Warmaster Okawaru
  5499 | D:4      | Found a glowing golden altar of the Shining One.
  5798 | D:5      | Reached XP level 8. HP: 63/63 MP: 12/16
  6441 | D:5      | Found a runed translucent door.
  6442 | D:5      | Noticed Crazy Yiuf
  6510 | D:5      | Reached * piety under Okawaru
  6727 | D:5      | Killed Crazy Yiuf
  7053 | D:6      | Reached XP level 9. HP: 49/69 MP: 18/18
  7083 | D:6      | Reached ** piety under Okawaru
  7506 | D:6      | Learned a level 2 spell: Wereblood
  7712 | D:7      | Noticed a manticore
  7726 | D:7      | Slain by a manticore

Illustrated notes

Levels and vault maps discovered:
D:1:      beargit_arrival_greenhouse, layout_basic
D:2:      layout_loops_cross, zin_statuary, grunt_ministairs_13
D:3:      minmay_recursive_quarters, layout_basic, minmay_misc_feat_nine_boxes,
          uniq_ijyb
D:4:      layout_gridville, kennysheep_mini_moat, temple_green,
          grunt_gozag_statues
D:5:      layout_loops_ring, uniq_crazy_yiuf_cottage
D:6:      layout_loops_ring
D:7:      layout_basic, minmay_misc_feat_more_columns
Temple:   minmay_crystal_spiral_temple

Skill      XL: |  1  2  3  4  5  6  7  8  9 |
---------------+----------------------------+-----
Spellcasting   | 5 6 |  6.5
Invocations    | 1 2 3 4 |  4.4
Short Blades   | 1 2 3 4 |  4.0
Long Blades    | 1 2 3 4 |  4.0
Maces & Flails | 1 2 3 4 |  4.0
Polearms       | 1 2 3 4 |  4.0
Staves         | 1 2 3 4 |  4.0
Slings         | 1 2 3 4 |  4.0
Bows           | 1 2 3 4 |  4.0
Crossbows      | 1 2 3 4 |  4.0
Stealth        | 1 2 3 4 |  4.0
Shields        | 1 2 3 4 |  4.0
Unarmed Combat | 1 2 3 4 |  4.0
Evocations     | 1 2 3 4 |  4.0
Conjurations   | 1 2 3 |  3.3
Hexes          | 1 2 3 |  3.3
Summonings     | 1 2 3 |  3.3
Necromancy     | 1 2 3 |  3.3
Transmutations | 1 2 3 |  3.3
Fire Magic     | 1 2 3 |  3.3
Ice Magic      | 1 2 3 |  3.3
Air Magic      | 1 2 3 |  3.3
Earth Magic    | 1 2 3 |  3.3
Poison Magic   | 1 2 3 |  3.3
Throwing       | 3 4 |  4.8
Armour         | 3 4 |  4.8
Fighting       | 5 6 |  6.1
Axes           | 5 6 |  6.1
Dodging        | 5 6 |  6.1
Translocations | 6 |  6.4

Action                   |  1- 3 |  4- 6 |  7- 9 || total
-------------------------+-------+-------+-------++-------
Melee: Hand axe          |    97 |   122 |   226 ||   445
       Bite              |     6 |    11 |    15 ||    32
       Punch             |       |       |     2 ||     2
 Fire: Arbalest          |       |       |    31 ||    31
Throw: Stone             |    11 |    20 |    11 ||    42
       Dart              |       |    28 |    19 ||    47
       Boomerang         |       |       |     3 ||     3
 Cast: Gell's Gravitas   |     1 |     4 |    29 ||    34
       Blink             |       |     7 |     7 ||    14
Evoke: Wand              |       |       |     7 ||     7
  Use: Scroll            |       |     3 |    10 ||    13
       Potion            |       |       |     2 ||     2
 Stab: Sleeping          |     2 |     2 |     2 ||     6
       Distracted        |       |       |     1 ||     1
Armor: Leather armour    |    28 |    17 |       ||    45
       Ring mail         |       |     7 |    84 ||    91
Dodge: Dodged            |   112 |    61 |   149 ||   322
